 Dungeon Sprint DCSS version 0.23-a0-171-g5ae17c6 (webtiles) character file.

116 Fang the Skirmisher (level 5, -7/38 HPs)
             Began as a Gargoyle Berserker on Sept 13, 2018.
             Was a Follower of Trog.
             Shot with a bolt by a yaktaur captain (27 damage)
             ... in the Dungeon (Sprint V: "Ziggurat Sprint").
             The game lasted 00:02:22 (132 turns).

Fang the Skirmisher (Gargoyle Berserker)             Turns: 132, Time: 00:02:24

Health: -7/38      AC: 14    Str: 42    XL:     5   Next: 0%
Magic:  5/5        EV: 12    Int:  8    God:    Trog [*.....]
Gold:   0          SH:  0    Dex:  9    Spells: 4/4 levels left

rFire    x . .     SeeInvis .   k - +5 executioner's axe
rCold    . . .     Gourm    .   (shield currently unavailable)
rNeg     + . .     Faith    .   a - +5 ring mail of Kindness {rF- Regen+ rCorr Str+9}
rPois    ∞         Spirit   .   (no helmet)
rElec    +         Reflect  .   (no cloak)
rCorr    +         Harm     .   (no gloves)
MR       .....     NoTele   +   (no boots)
Stlth    ..........             (no amulet)
HPRegen  0.52/turn              D - +6 ring of strength
MPRegen  0.09/turn              E - +6 ring of strength

@: berserk cooldown
A: negative energy resistance 1, electricity resistance, unbreathing,
petrification resistance, rot immunity, AC +4
a: Berserk, Renounce Religion


You were in the Dungeon.
You worshipped Trog.
Trog was aware of your devotion.
You were not hungry.

You visited 1 branch

Inventory:

Hand Weapons
 k - a +5 executioner's axe (weapon)
Armour
 a - the +5 ring mail of Kindness (worn) {rF- Regen+ rCorr Str+9}
   (You found it in the Dungeon)

   It affects your strength (+9).
   It makes you vulnerable to fire.
   It increases your rate of regeneration.
   It provides partial protection from all sources of acid and corrosion.
 j - +5 shadow dragon scales
Jewellery
 D - a +6 ring of strength (left hand)
 E - a +6 ring of strength (right hand)
Wands
 w - a wand of disintegration (7)
 x - a wand of iceblast (7)
 y - a wand of acid (7)
Scrolls
 i - 4 scrolls of blinking
 r - 7 scrolls of fog
 s - a scroll of holy word
 t - 5 scrolls of identify
 u - 5 scrolls of remove curse
 v - 2 scrolls of fear
Potions
 d - 10 potions of curing
 e - 10 potions of heal wounds
 f - 6 potions of haste
 g - 7 potions of magic
 h - 3 potions of berserk rage
 l - 2 potions of brilliance
 m - 2 potions of invisibility
 n - 4 potions of resistance
 o - a potion of experience
 p - 5 potions of agility
 q - 5 potions of might
Comestibles
 c - 7 rations


   Skills:
 + Level 7.0 Fighting
 + Level 6.0 Axes
 + Level 4.3 Armour
 + Level 2.7 Dodging


You had 4 spell levels left.
You didn't know any spells.
Your spell library was empty.

Dungeon Overview and Level Annotations

Branches:
Dungeon (1/1)

Altars:
Ashenzari
Cheibriados
Dithmenos
Elyvilon
Fedhas
Gozag
Hepliaklqana
Kikubaaqudgha
Makhleb
Nemelex Xobeh
Okawaru
Qazlal
Ru
Sif Muna
Trog
Uskayaw
Vehumet
Wu Jian
Xom
Yredelemnul
Zin
The Shining One
Beogh
Jiyva
Lugonu

Annotations:
D 1 transporter


Innate Abilities, Weirdness & Mutations

You are resistant to torment.
Your stone body is resilient. (AC +4)
You are immune to poison.
You resist negative energy. (rN+)
You are resistant to electric shocks. (rElec)
You can survive without breathing.
You are immune to petrification.
You are immune to rotting.


Message History

A slime creature, a yaktaur captain and a rakshasa come into view.
The rakshasa is wielding a whip of pain.
The yaktaur captain shouts!
The slime creature quivers.
The yaktaur captain picks up a +6 dagger of draining.
The yaktaur captain wields a +6 dagger of draining.
You sense an unholy aura.
Found a +2 battleaxe of chopping and a +1 cloak of magic resistance.
Found a transporter.
Okay, then.
The rakshasa weaves an illusion.
The yaktaur captain shimmers and seems to become two!
The yaktaur captain unwields a +6 dagger of draining.
The yaktaur captain wields an arbalest.
The yaktaur captain shoots a bolt.
The bolt hits you!!
The yaktaur captain unwields a +6 dagger of draining.
The yaktaur captain wields an arbalest.
The yaktaur captain shoots a bolt.
The bolt hits you!!
Ouch! That really hurt!
You die...

▓▓▓▓▓▓▓▓▓▓▓▓▓
▓.8©8.▓.8©8.▓
▓.[.).▓.....▓
▓.cR..▓.|...▓
▓..cJ.▓.....▓
▓.....▓.....▓
▓.....▓..©..▓
▓..@..▓▓▓▓▓▓▓
▓▓▓▓▓▓▓


You could see 2 yaktaur captains, a rakshasa and a slime creature.

Vanquished Creatures
  A water moccasin (D)
  An adder (D)
2 creatures vanquished.

Notes
Turn   | Place    | Note
-------+----------+-------------------------------------------
     0 | D        | Found the +6 Majin-Bo {vamp, Archmagi MP+6 Int+6}
     0 | D        | Found the +7 great mace "Firestarter" {inner flame, rF++}
     0 | D        | Fang the Gargoyle Berserker began the quest for the Orb.
     0 | D        | Reached XP level 1. HP: 14/14 MP: 1/1
     3 | D        | Found a blossoming altar of Fedhas.
     4 | D        | Found a viscous altar of Jiyva.
     4 | D        | Found a hazy altar of Hepliaklqana.
     4 | D        | Found a transporter.
     4 | D        | Found an opulent altar of Gozag.
     4 | D        | Found an ancient bone altar of Kikubaaqudgha.
     4 | D        | Found a corrupted altar of Lugonu.
     8 | D        | Found a burning altar of Makhleb.
     9 | D        | Found a sacrificial altar of Ru.
     9 | D        | Found a stormy altar of Qazlal.
     9 | D        | Found a deep blue altar of Sif Muna.
     9 | D        | Found an iron altar of Okawaru.
     9 | D        | Found a bloodstained altar of Trog.
     9 | D        | Found a sparkling altar of Nemelex Xobeh.
    86 | D        | Entered arena 2.
    86 | D        | Noticed a water moccasin
    86 | D        | Found a transporter.
    96 | D        | Killed a water moccasin
    96 | D        | Reached skill level 6 in Fighting
    96 | D        | Reached skill level 5 in Axes
    96 | D        | Reached XP level 2. HP: 23/23 MP: 2/2
    96 | D        | Reached XP level 3. HP: 28/28 MP: 3/3
    96 | D        | Reached XP level 4. HP: 32/32 MP: 4/4
   107 | D        | Reached skill level 7 in Fighting
   107 | D        | Reached XP level 5. HP: 30/38 MP: 5/5
   112 | D        | Got the +5 ring mail of Kindness {rF- Regen+ rCorr Str+9}
   130 | D        | Entered arena 3.
   130 | D        | Noticed a rakshasa
   130 | D        | Noticed a yaktaur captain
   130 | D        | Noticed a slime creature
   130 | D        | Found a transporter.
   132 | D        | Shot with a bolt by a yaktaur captain

Vault maps used:
D:        sprint_v

Skill      XL: |  1  2  3  4 |
---------------+-------------+-----
Fighting       | 6 7 |  7.0
Axes           | 5 6 |  6.0
Armour         | 4 |  4.3
Dodging        | 2 |  2.7

Action                   |  1- 3 |  4- 6 || total
-------------------------+-------+-------++-------
Melee: Executioner's axe |     8 |    10 ||    18
Invok: Berserk           |     1 |       ||     1
Armor: Shadow dragon sca |    11 |    21 ||    32
Dodge: Dodged            |     9 |     7 ||    16

Table legend:
 A = Non-vault XP
 B = Vault XP
 C = Vault XP percentage of total XP
 D = Non-vault monster count
 E = Vault monster count
 F = Vault count percentage of total count
                 A         B        C        D         E       F
            +---------+---------+-------+---------+---------+-------
      Total |       0 |     166 | 100.0 |       0 |       2 | 100.0
            +---------+---------+-------+---------+---------+-------
          D |       0 |     166 | 100.0 |       0 |       2 | 100.0
            +---------+---------+-------+---------+---------+-------
